 Dungeon Crawl Stone Soup version 0.22.1-1-ga44c0e5 (webtiles) character file.

3679 Lavandula the Cleaver (level 9, -8/103 HPs)
             Began as a Centaur Berserker on Oct 29, 2018.
             Was an Elder of Trog.
             Killed from afar by Erolcha (44 damage)
             ... with a crystal spear
             ... on level 9 of the Dungeon.
             The game lasted 00:19:22 (4092 turns).

Lavandula the Cleaver (Centaur Berserker)           Turns: 4092, Time: 00:19:23

Health: -8/103     AC:  5    Str: 29    XL:     9   Next: 90%
Magic:  9/9        EV:  9    Int:  6    God:    Trog [****..]
Gold:   79         SH:  6    Dex:  8    Spells: 8/8 levels left

rFire    . . .     SeeInvis .   D - +0 war axe
rCold    . . .     Gourm    .   m - +2 buckler
rNeg     . . .     Faith    .   p - +0 ring mail
rPois    .         Spirit   .   (no helmet)
rElec    .         Reflect  .   (no cloak)
rCorr    .         Harm     .   (no gloves)
MR       +....                  (no barding)
Stlth    ..........             o - amulet of rage
HPRegen  0.27/turn              q - ring of protection from magic
MPRegen  0.11/turn              h - ring of attention (curse)

@: berserking (expiring), starving, slowed, very quick
A: large, hooves 3, deformed body, speed 2, tough skin 3
a: Berserk, Trog's Hand, Brothers in Arms, Renounce Religion, Evoke Berserk Rage


You were on level 9 of the Dungeon.
You worshipped Trog.
Trog was greatly pleased with you.
You were starving.

You visited 1 branch of the dungeon, and saw 12 of its levels.

You collected 300 gold pieces.
You spent 221 gold pieces at shops.

Inventory:

Hand Weapons
 a - a +1 hand axe
 l - a +1 trident of piercing
 r - a +0 hunting sling
 B - a +0 club
 D - a +0 war axe (weapon)
Missiles
 i - 49 sling bullets
 w - 8 curare-tipped needles
 E - 5 tomahawks (quivered)
Armour
 b - a +0 animal skin
 m - a +2 buckler (worn)
 p - a +0 ring mail (worn)
Magical Staves
 C - an uncursed staff of poison {unknown}
Jewellery
 h - a cursed ring of attention (right hand)
 o - an amulet of rage (around neck)
 q - a ring of protection from magic (left hand)
Wands
 v - a wand of random effects (28)
 A - a wand of enslavement (15)
Scrolls
 d - a scroll of teleportation
 f - a scroll of magic mapping
 g - a scroll of remove curse
 j - a scroll of random uselessness {unknown}
 k - a scroll of brand weapon {unknown}
 n - 4 scrolls of enchant weapon
 s - a scroll of noise {unknown}
 t - a scroll of immolation
 y - a scroll of holy word
 G - a scroll of acquirement {unknown}
Potions
 e - 4 potions of heal wounds
 u - a potion of curing {unknown}
 x - a potion of haste {unknown}
 z - a potion of invisibility {unknown}
Comestibles
 c - 7 rations


   Skills:
 - Level 3.0 Fighting
 + Level 12.2 Axes
 - Level 1.3 Armour
 - Level 1.3 Dodging
 - Level 3.7 Shields


You had 8 spell levels left.
You didn't know any spells.
Your spell library was empty.

Dungeon Overview and Level Annotations

Branches:
Dungeon (12/15)            Temple (0/1) D:5            Lair (0/6) D:10
    Orc (0/2) D:9

Altars:
Ashenzari
Cheibriados
Okawaru
The Shining One

Shops:
D:7 }

Annotations:
D:7 SeriousVitamin's ghost, novice DEEE
D:9 Erolcha


Innate Abilities, Weirdness & Mutations

You have hooves in place of feet.
Armour fits poorly on your strangely shaped body.
You cover ground very quickly.
You have extremely tough skin. (AC +3)


Message History

You hit the worker ant. You completely miss the howler monkey.
You hit the howler monkey.
Your ring mail prevents you from hitting the hound.
You hit the hippogriff but do no damage.
You block the hound's attack. The worker ant barely misses you.
You block the howler monkey's attack. The hippogriff bites you.
The hippogriff pecks you but does no damage.
The hippogriff claws you. You block the howler monkey's attack.
The hound barely misses you.
You slash Erolcha! You kick Erolcha.
Erolcha is heavily wounded.
You slash the worker ant!
You kill the worker ant!
Trog accepts your kill.
You completely miss the howler monkey. You barely miss the howler monkey.
You closely miss the hound. You barely miss the hippogriff.
The howler monkey barely misses you. The hound barely misses you.
Erolcha casts a spell at you. The crystal spear hits you!
You die...

*########### ****..........#
******,,+..........# **********
,,,,,*,**.......Hh.# *,,,,,,,,*
,,,,,*,**......O@..#***,,,,,,,,*
,,,,,*,**......†hh.+,,*,,,,,,,,*
,,,,,*,**..........#*,+,,,,,,,,*
,,,,,+,**..........#***,,,,,,,,*
,,,,,****..........# *,,<,,,,,*
***+** *..........# *****+****
***,* *......?...# *,* *,,,*
*....$.....# *,* *,***
***,,,,***** *,*


You could see Erolcha, a hippogriff, 2 howler monkeys and a hound.

Vanquished Creatures
  Erica (D:8)
  A hornet (D:5)
  Eustachio (D:4)
  A water moccasin (D:9)
  2 phantoms (D:5)
  2 ogres
  A black bear (D:6)
  4 centaurs
  3 bullfrogs
  A gnoll sergeant (D:8)
  3 scorpions
  3 killer bees (D:9)
  4 wights (D:7)
  6 crimson imps
  A bullfrog zombie (D:5)
  A centaur zombie (D:6)
  3 hounds (D:5)
  2 jellies (D:7)
  2 orc priests
  5 orc wizards
  A gnoll shaman (D:6)
  2 iguanas
  5 worker ants
  A killer bee zombie (D:5)
  A hound zombie (D:7)
  A hound skeleton (D:8)
  15 gnolls
  4 adders
  A shadow imp (D:6)
  2 oozes
  An adder skeleton (D:5)
  3 worms
  3 dart slugs
  5 leopard geckos
  13 orcs
  4 giant cockroaches
  6 goblins
  6 hobgoblins
  8 jackals
  4 kobolds
  2 quokkas
  2 ball pythons
  7 bats
  2 frilled lizards
  A goblin skeleton (D:5)
  4 goblin zombies (D:5)
  2 hobgoblin zombies (D:5)
  3 orc skeletons (D:5)
  An orc zombie (D:5)
  5 rats
162 creatures vanquished.

Notes
Turn   | Place    | Note
-------+----------+-------------------------------------------
     0 | D:1      | Lavandula the Centaur Berserker began the quest for the
                  | Orb.
     0 | D:1      | Reached XP level 1. HP: 19/19 MP: 1/1
    65 | D:1      | Reached skill level 3 in Axes
   183 | D:1      | Reached XP level 2. HP: 23/26 MP: 2/2
   390 | D:3      | Reached XP level 3. HP: 20/31 MP: 3/3
   426 | D:2      | Reached ** piety under Trog
   426 | D:2      | Reached skill level 4 in Axes
   490 | D:4      | Reached XP level 4. HP: 26/38 MP: 4/4
   744 | D:2      | Reached skill level 5 in Axes
   908 | D:1      | Reached XP level 5. HP: 35/45 MP: 5/5
  1075 | D:4      | Noticed Eustachio
  1084 | D:4      | Killed Eustachio
  1084 | D:4      | Reached skill level 6 in Axes
  1084 | D:4      | Reached XP level 6. HP: 34/51 MP: 6/6
  1301 | D:5      | Entered Level 5 of the Dungeon
  1465 | D:5      | Reached skill level 1 in Shields
  1468 | D:5      | Reached XP level 7. HP: 48/57 MP: 7/7
  1474 | D:5      | Reached *** piety under Trog
  1475 | D:5      | Found an iron altar of Okawaru.
  1483 | D:5      | Noticed a hornet
  1625 | D:5      | Killed a hornet
  1625 | D:5      | Reached skill level 7 in Axes
  1625 | D:5      | Reached XP level 8. HP: 51/63 MP: 8/8
  1626 | D:5      | Found a glowing golden altar of the Shining One.
  1792 | D:5      | Reached skill level 8 in Axes
  1894 | D:5      | Found a staircase to the Ecumenical Temple.
  1993 | D:6      | Found a shattered altar of Ashenzari.
  2220 | D:6      | Reached skill level 9 in Axes
  2226 | D:6      | Reached **** piety under Trog
  2737 | D:7      | Found a runed gate.
  2738 | D:7      | Found a runed gate.
  2739 | D:7      | Found a runed gate.
  2746 | D:7      | Noticed SeriousVitamin's ghost (novice DEEE)
  3040 | D:7      | Reached skill level 10 in Axes
  3109 | D:7      | Found a snail-covered altar of Cheibriados.
  3121 | D:7      | Reached XP level 9. HP: 65/69 MP: 9/9
  3270 | D:7      | Found Ylla's Gadget Boutique.
  3278 | D:7      | Bought a wand of enslavement (15) for 221 gold pieces
  3662 | D:8      | Received a gift from Trog
  3736 | D:8      | Noticed Erica
  3751 | D:8      | Killed Erica
  3751 | D:8      | Reached skill level 11 in Axes
  3914 | D:9      | Reached skill level 12 in Axes
  3927 | D:9      | You fall through a shaft for 3 floors!
  4068 | D:10     | Entered Level 10 of the Dungeon
  4087 | D:9      | Noticed Erolcha
  4092 | D:9      | Killed from afar by Erolcha

Skill      XL: |  1  2  3  4  5  6  7  8  9 |
---------------+----------------------------+-----
Axes           | 3 4 5 6 7 10 12 | 12.2
Shields        | 2 3 |  3.7
Fighting       | |  3.0
Armour         | |  1.3
Dodging        | |  1.3

Action                   |  1- 3 |  4- 6 |  7- 9 || total
-------------------------+-------+-------+-------++-------
Melee: Hand axe          |    52 |    75 |   139 ||   266
       Kick              |    11 |    14 |    67 ||    92
       Trident           |       |    16 |    78 ||    94
       War axe           |       |       |    98 ||    98
 Fire: Hunting sling     |       |    10 |       ||    10
Invok: Berserk           |     3 |     6 |    14 ||    23
       Trog's Hand       |       |     1 |     4 ||     5
Evoke: Wand              |       |       |     1 ||     1
  Use: Scroll            |       |     2 |     8 ||    10
  Eat: Chunk             |       |     8 |    21 ||    29
Armor: Animal skin       |    28 |    12 |       ||    40
       Skin              |       |     4 |       ||     4
       Ring mail         |       |     1 |    68 ||    69
Dodge: Dodged            |    28 |    26 |   102 ||   156
Block: Buckler           |       |       |    61 ||    61
